SAA
CHESAPEAKE CONTINENTALS @ RICHLAND RAILS
07/14/2023
 
TOP OF THE 1ST
Chesapeake Continentals batting - Pitching for Richland Rails : LHP Gerardo Carlos
Pitching: LHP Gerardo Carlos
Batting: RHB Gustavo Varela 0-0: Swinging Strike
0-1: Ball
1-1: SINGLE (Line Drive, 5D)
Batting: RHB Miguel Cruz 0-0: Ball
1-0: Called Strike
1-1: Fly out, F6 (Popup, 6D)
Batting: LHB Arturo Ballina 0-0: Ball
1-0: Called Strike
1-1: Ball
2-1: Foul Ball, location: 2F
2-2: Ball
3-2: SINGLE (Groundball, 34D)
Gustavo Varela to second
Runner from 2nd tries for 3rd, SAFE, throw made to third
Batting: RHB Ju-chan Pak 0-0: Ball
1-0: Called Strike
1-1: Fly out, F9 (Flyball, 9M)
Runner from 3rd tags up, SCORES, no throw
Batting: LHB Roberto Sánchez 0-0: Ball
1-0: Ball
2-0: Ball
3-0: Called Strike
3-1: Ground out 4-3 (Groundball, 4)
Top of the 1st over - 1 run(s), 2 hit(s), 0 error(s), 1 left on base; Chesapeake 1 - Richland 0
BOTTOM OF THE 1ST
Richland Rails batting - Pitching for Chesapeake Continentals : RHP Logan Gregory
Pitching: RHP Logan Gregory
Batting: RHB Ramón Cruz 0-0: Ball
1-0: Ball
2-0: Called Strike
2-1: Ball
3-1: Base on Balls
Batting: SHB Jasper Otto 0-0: Ball
1-0: Ball
2-0: Ball
3-0: Base on Balls
Ramón Cruz to second
Batting: LHB Ramón Félix 0-0: Ball
1-0: Swinging Strike
1-1: Ball
2-1: Grounds into double play, 1-4-3 (Groundball, 15)
Ramón Cruz to third
Batting: LHB Avon Barksdale 0-0: Ball
1-0: Fly out, F8 (Flyball, 8LD)
Bottom of the 1st over - 0 run(s), 0 hit(s), 0 error(s), 1 left on base; Chesapeake 1 - Richland 0
TOP OF THE 2ND
Chesapeake Continentals batting - Pitching for Richland Rails : LHP Gerardo Carlos
Batting: RHB Gabriel Guerrero 0-0: Ball
1-0: Foul Ball, location: 2F
1-1: Swinging Strike
1-2: Strikes out looking
Batting: RHB Gil Nichols 0-0: Foul Ball, location: 2F
0-1: Ball
1-1: Foul Ball, location: 2F
1-2: Ball
2-2: Ball
3-2: Ground out 1-3 (Groundball, 15)
Batting: SHB Vince Barrowcliff 0-0: Ball
1-0: Ground out 5-3 (Groundball, 56)
Top of the 2nd over - 0 run(s), 0 hit(s), 0 error(s), 0 left on base; Chesapeake 1 - Richland 0
BOTTOM OF THE 2ND
Richland Rails batting - Pitching for Chesapeake Continentals : RHP Logan Gregory
Batting: LHB Ángel Aguilar 0-0: Ball
1-0: Called Strike
1-1: Ball
2-1: Foul Ball, location: 2F
2-2: Strikes out swinging
Batting: RHB Larry Brown 0-0: Called Strike
0-1: SINGLE (Line Drive, 34)
Batting: RHB Kazu Hishida 0-0: Ball
1-0: Called Strike
1-1: Foul Ball, location: 2F
1-2: Ball
2-2: Foul Ball, location: 2F
2-2: Reached on error, E5 (Groundball, 5S)
Larry Brown to second
Batting: RHB Orlando Ortíz 0-0: Called Strike
0-1: Ball
1-1: Called Strike
1-2: Strikes out swinging
Batting: RHB Quigley Gibson 0-0: Ball
1-0: Ball
2-0: Called Strike
2-1: Ball
3-1: Fly out, F8 (Flyball, 8RXD)
Bottom of the 2nd over - 0 run(s), 1 hit(s), 1 error(s), 2 left on base; Chesapeake 1 - Richland 0
TOP OF THE 3RD
Chesapeake Continentals batting - Pitching for Richland Rails : LHP Gerardo Carlos
Batting: RHB Walter Hurlson 0-0: Ball
1-0: Ball
2-0: Called Strike
2-1: Ball
3-1: Base on Balls
Batting: RHB Gustavo Varela 0-0: Ball
1-0: Ball
2-0: Ball
3-0: Called Strike
3-1: Fly out, F4 (Popup, 4)
Batting: RHB Miguel Cruz 0-0: Ball
1-0: Ball
2-0: Called Strike
2-1: Grounds into double play, 5-4-3 (Groundball, 56)
Top of the 3rd over - 0 run(s), 0 hit(s), 0 error(s), 0 left on base; Chesapeake 1 - Richland 0
BOTTOM OF THE 3RD
Richland Rails batting - Pitching for Chesapeake Continentals : RHP Logan Gregory
Batting: RHB Ramón Cruz 0-0: Ground out 5-3 (Groundball, 5S)
Batting: SHB Jasper Otto 0-0: Ball
1-0: Foul Ball, location: 2F
1-1: Swinging Strike
1-2: Fly out, F5 (Line Drive, 56)
Batting: LHB Ramón Félix 0-0: Ball
1-0: Ball
2-0: Ground out 3-1 (Groundball, 34S)
Bottom of the 3rd over - 0 run(s), 0 hit(s), 0 error(s), 0 left on base; Chesapeake 1 - Richland 0
TOP OF THE 4TH
Chesapeake Continentals batting - Pitching for Richland Rails : LHP Gerardo Carlos
Batting: LHB Arturo Ballina 0-0: Foul Ball, location: 2F
0-1: Ball
1-1: Called Strike
1-2: Foul Ball, location: 2F
1-2: SOLO HOME RUN (Line Drive, 9LD), Distance : 332 ft
Batting: RHB Ju-chan Pak 0-0: Fly out, F7 (Flyball, 78M)
Batting: LHB Roberto Sánchez 0-0: Ball
1-0: Called Strike
1-1: Called Strike
1-2: Ball
2-2: Ground out 4-3 (Groundball, 4)
Batting: RHB Gabriel Guerrero 0-0: Called Strike
0-1: Ball
1-1: Fly out, F8 (Flyball, 78M)
Top of the 4th over - 1 run(s), 1 hit(s), 0 error(s), 0 left on base; Chesapeake 2 - Richland 0
BOTTOM OF THE 4TH
Richland Rails batting - Pitching for Chesapeake Continentals : RHP Logan Gregory
Batting: LHB Avon Barksdale 0-0: Ball
1-0: Swinging Strike
1-1: Fly out, F4 (Line Drive, 4)
Batting: LHB Ángel Aguilar 0-0: Ball
1-0: Ball
2-0: Ball
3-0: Base on Balls
Batting: RHB Larry Brown 0-0: Foul Ball, location: 2F
0-1: Ball
1-1: Foul Ball, location: 2F
1-2: Strikes out looking
Batting: RHB Kazu Hishida 0-0: Ground out 5-3 (Groundball, 5L)
Bottom of the 4th over - 0 run(s), 0 hit(s), 0 error(s), 1 left on base; Chesapeake 2 - Richland 0
TOP OF THE 5TH
Chesapeake Continentals batting - Pitching for Richland Rails : LHP Gerardo Carlos
Batting: RHB Gil Nichols 0-0: Ball
1-0: Foul Ball, location: 2F
1-1: Ball
2-1: Ball
3-1: Swinging Strike
3-2: Base on Balls
Batting: SHB Vince Barrowcliff 0-0: Ball
1-0: Sac Bunt - play at first, batter OUT! 1-4
Gil Nichols to second
Batting: RHB Walter Hurlson 0-0: Ball
1-0: SINGLE (Groundball, 34D)
Gil Nichols to third
Runner from 3rd tries for Home, SAFE, no throw or cutoff
Pitching: RHP Luis Bejarano
Batting: RHB Gustavo Varela 0-0: Ball
1-0: Called Strike
1-1: Ball
2-1: Foul Ball, location: 2F
2-2: Strikes out looking
Batting: RHB Miguel Cruz 0-0: Called Strike
0-1: SINGLE (Line Drive, 7S)
Walter Hurlson to second
Batting: LHB Arturo Ballina 0-0: Called Strike
0-1: Called Strike
0-2: Strikes out swinging
Top of the 5th over - 1 run(s), 2 hit(s), 0 error(s), 2 left on base; Chesapeake 3 - Richland 0
BOTTOM OF THE 5TH
Richland Rails batting - Pitching for Chesapeake Continentals : RHP Logan Gregory
Batting: RHB Orlando Ortíz 0-0: Ball
1-0: Ball
2-0: Called Strike
2-1: Foul Ball, location: 2F
2-2: Fly out, F7 (Flyball, 78M)
Batting: RHB Quigley Gibson 0-0: Ball
1-0: Swinging Strike
1-1: Called Strike
1-2: Fly out, F2 (Popup, 2R)
Batting: RHB Ramón Cruz 0-0: Foul Ball, location: 2F
0-1: Foul Ball, location: 2F
0-2: Ball
1-2: SINGLE (Line Drive, 34D)
Batting: SHB Jasper Otto 0-0: Ball
1-0: Ball
2-0: Ball
3-0: Called Strike
3-1: Base on Balls
Ramón Cruz to second
Batting: LHB Ramón Félix 0-0: Ball
1-0: Foul Ball, location: 2F
1-1: Fly out, F7 (Flyball, 7M)
Bottom of the 5th over - 0 run(s), 1 hit(s), 0 error(s), 2 left on base; Chesapeake 3 - Richland 0
TOP OF THE 6TH
Chesapeake Continentals batting - Pitching for Richland Rails : RHP Luis Bejarano
Batting: RHB Ju-chan Pak 0-0: Ball
1-0: Foul Ball, location: 2F
1-1: Ball
2-1: Swinging Strike
2-2: Foul Ball, location: 2F
2-2: Ball
3-2: Foul Ball, location: 2F
3-2: Foul Ball, location: 2F
3-2: Strikes out swinging
Batting: LHB Roberto Sánchez 0-0: Ground out 4-3 (Groundball, 4)
Batting: RHB Gabriel Guerrero 0-0: Ball
1-0: Foul Ball, location: 2F
1-1: Ball
2-1: Swinging Strike
2-2: Strikes out swinging
Top of the 6th over - 0 run(s), 0 hit(s), 0 error(s), 0 left on base; Chesapeake 3 - Richland 0
BOTTOM OF THE 6TH
Richland Rails batting - Pitching for Chesapeake Continentals : RHP Logan Gregory
Batting: LHB Avon Barksdale 0-0: Ball
1-0: Ball
2-0: SINGLE (Line Drive, 34)
Batting: LHB Ángel Aguilar 0-0: Called Strike
0-1: Ball
1-1: Ball
2-1: Ball
3-1: Fly out, F9 (Flyball, 9S)
Batting: RHB Larry Brown 0-0: Called Strike
0-1: SINGLE (Groundball, 4)
Avon Barksdale to second
Runner from 2nd tries for 3rd, OUT!
Larry Brown to second
Batting: RHB Kazu Hishida 0-0: Called Strike
0-1: Foul Ball, location: 2F
0-2: Ball
1-2: SINGLE (Groundball, 6MD) (infield hit)
Larry Brown to third
Batting: RHB Orlando Ortíz 0-0: Called Strike
0-1: Foul Ball, location: 2F
0-2: Foul Ball, location: 2F
0-2: Strikes out swinging
Bottom of the 6th over - 0 run(s), 3 hit(s), 0 error(s), 2 left on base; Chesapeake 3 - Richland 0
TOP OF THE 7TH
Chesapeake Continentals batting - Pitching for Richland Rails : RHP Luis Bejarano
Batting: RHB Gil Nichols 0-0: Called Strike
0-1: Ball
1-1: Ball
2-1: Swinging Strike
2-2: Ball
3-2: Strikes out swinging
Batting: SHB Vince Barrowcliff 0-0: Swinging Strike
0-1: Ball
1-1: Ball
2-1: Called Strike
2-2: Strikes out looking
Pitching: RHP Miguel Hernández
Batting: RHB Walter Hurlson 0-0: Ball
1-0: Called Strike
1-1: Ground out 1-3 (Groundball, 13S)
Top of the 7th over - 0 run(s), 0 hit(s), 0 error(s), 0 left on base; Chesapeake 3 - Richland 0
BOTTOM OF THE 7TH
Richland Rails batting - Pitching for Chesapeake Continentals : RHP Logan Gregory
Batting: RHB Quigley Gibson 0-0: Ball
1-0: Foul Ball, location: 2F
1-1: Foul Ball, location: 2F
1-2: Foul Ball, location: 2F
1-2: Strikes out swinging
Pitching: RHP Eddie Singer
Batting: RHB Ramón Cruz 0-0: Called Strike
0-1: Ball
1-1: Ball
2-1: Foul Ball, location: 2F
2-2: Foul Ball, location: 2F
2-2: Ball
3-2: Foul Ball, location: 2F
3-2: Strikes out swinging
Batting: SHB Jasper Otto 0-0: Ball
1-0: Ball
2-0: Foul Ball, location: 2F
2-1: Called Strike
2-2: Ball
3-2: Ground out 5-3 (Groundball, 56)
Bottom of the 7th over - 0 run(s), 0 hit(s), 0 error(s), 0 left on base; Chesapeake 3 - Richland 0
TOP OF THE 8TH
Chesapeake Continentals batting - Pitching for Richland Rails : RHP Miguel Hernández
Batting: RHB Gustavo Varela 0-0: Called Strike
0-1: Swinging Strike
0-2: Ground out 1-3 (Groundball, 15S)
Batting: RHB Miguel Cruz 0-0: Called Strike
0-1: Ball
1-1: Ball
2-1: Called Strike
2-2: SINGLE (Flyball, 8LS) - OUT at second base trying to stretch hit.
Batting: LHB Arturo Ballina 0-0: Ball
1-0: Called Strike
1-1: Ground out U3 (Groundball, 3S)
Top of the 8th over - 0 run(s), 1 hit(s), 0 error(s), 0 left on base; Chesapeake 3 - Richland 0
BOTTOM OF THE 8TH
Richland Rails batting - Pitching for Chesapeake Continentals : RHP Eddie Singer
Batting: LHB Ramón Félix 0-0: Ball
1-0: Foul Ball, location: 2F
1-1: Foul Ball, location: 2F
1-2: Strikes out looking
Batting: LHB Avon Barksdale 0-0: Ball
1-0: Foul Ball, location: 2F
1-1: Ball
2-1: Called Strike
2-2: Ball
3-2: Strikes out looking
Batting: LHB Ángel Aguilar 0-0: Ball
1-0: Ball
2-0: Called Strike
2-1: Ground out 3-1 (Groundball, 34)
Bottom of the 8th over - 0 run(s), 0 hit(s), 0 error(s), 0 left on base; Chesapeake 3 - Richland 0
TOP OF THE 9TH
Chesapeake Continentals batting - Pitching for Richland Rails : RHP Miguel Hernández
Batting: RHB Ju-chan Pak 0-0: Foul Ball, location: 2F
0-1: Ball
1-1: Ball
2-1: Ball
3-1: DOUBLE (Line Drive, 3D)
Batting: LHB Roberto Sánchez 0-0: Intentional Walk
Batting: RHB Gabriel Guerrero 0-0: Ball
1-0: Sac Bunt - play at first, batter OUT! 3-4
Ju-chan Pak to third
Roberto Sánchez to second
Batting: RHB Gil Nichols 0-0: Intentional Walk
Pitching: LHP Sjaak Bonne
Pinch Hitting: RHB Mike Peterson 0-0: Called Strike
0-1: Foul Ball, location: 2F
0-2: Ball
1-2: Strikes out swinging
Pitching: LHP Jim Unknown
Batting: RHB Walter Hurlson 0-0: Foul Ball, location: 2F
0-1: Ball
1-1: Foul Ball, location: 2F
1-2: Foul Ball, location: 2F
1-2: SINGLE (Line Drive, 78M)
Ju-chan Pak scores
Roberto Sánchez to third
Gil Nichols to second
Runner from 3rd tries for Home, SAFE, no throw or cutoff
Batting: RHB Gustavo Varela 0-0: Ball
1-0: Foul Ball, location: 2F
1-1: Called Strike
1-2: 3-RUN HOME RUN (Line Drive, 8LXD), Distance : 425 ft
Batting: RHB Miguel Cruz 0-0: Ball
1-0: Called Strike
1-1: Foul Ball, location: 2F
1-2: Fly out, F9 (Flyball, 9LM)
Top of the 9th over - 5 run(s), 3 hit(s), 0 error(s), 0 left on base; Chesapeake 8 - Richland 0
BOTTOM OF THE 9TH
Richland Rails batting - Pitching for Chesapeake Continentals : RHP Eddie Singer
Now at 2B: Mike Peterson
Batting: RHB Larry Brown 0-0: Ball
1-0: Ball
2-0: Ball
3-0: Called Strike
3-1: Base on Balls
Batting: RHB Kazu Hishida 0-0: Foul Ball, location: 2F
0-1: Called Strike
0-2: Foul Ball, location: 2F
0-2: Ball
1-2: Ball
2-2: Ball
3-2: Base on Balls
Larry Brown to second
Batting: RHB Orlando Ortíz 0-0: Grounds into double play, 5-4-3 (Groundball, 56)
Larry Brown to third
Batting: RHB Quigley Gibson 0-0: Foul Ball, location: 2F
0-1: Ball
1-1: Ground out 6-3 (Groundball, 6MS)
Bottom of the 9th over - 0 run(s), 0 hit(s), 0 error(s), 1 left on base; Chesapeake 8 - Richland 0
This league is powered by Out of the Park Baseball, the baseball management simulation game for PC, Mac and Linux
Friday, July 8th, 2016 - OOTP Baseball 16.9 Build 39